 Dungeon Crawl Stone Soup version 0.31-a0-1236-gaa9e43cceb (webtiles) character file.

Game seed: 4894360768069300324

537 Nattfarinn the Grave Robber (level 7, -8/41 HPs)
             Began as a Deep Elf Necromancer on Dec 15, 2023.
             Mangled by Menkaure (20 damage)
             ... on level 4 of the Dungeon.
             The game lasted 00:14:43 (5345 turns).

Nattfarinn the Grave Robber (Deep Elf Necromancer)  Turns: 5345, Time: 00:14:44

Health: -8/41      AC: 11    Str:  5    XL:     7   Next: 5%
Magic:  18/18      EV: 12    Int: 22    God:
Gold:   200        SH:  0    Dex: 21    Spells: 14/18 levels left

rFire   . . .        e - +1 dire flail (protect)
rCold   + . .        (shield currently unavailable)
rNeg    . . .        m - +0 leather armour
rPois   .            f - +0 helmet
rElec   .            (no cloak)
rCorr   .            (no gloves)
SInv    .            (no boots)
Will    .....        (no amulet)
Stlth   ++           j - ring of the Lily {rC+ Dex+6 Slay+2}
HPRegen 0.26/turn    (no ring)
MPRegen 0.16/turn

%: no passive effects
@: about to teleport, under a protective aura
A: no striking features
a: no special abilities


You were on level 4 of the Dungeon.
You visited 1 branch of the dungeon, and saw 5 of its levels.

You collected 200 gold pieces.

Inventory:

Hand Weapons
 e - a +1 dire flail of protection (weapon)
Missiles
 d - 5 javelins (quivered)
Armour
 a - a +0 robe
 f - a +0 helmet (worn)
 m - a +0 leather armour (worn)
Jewellery
 j - the ring of the Lily (left hand) {rC+ Dex+6 Slay+2}
   (You acquired it on level 4 of the Dungeon)

   [ring of dexterity]

   Dex+6:     It affects your dexterity (+6).
   Slay+2:    It affects your accuracy & damage with ranged weapons and melee
   (+2).
   rC+:       It protects you from cold.
Wands
 l - a wand of charming (4)
Scrolls
 c - a scroll of immolation
 i - 2 scrolls of amnesia
 q - a scroll of fog
Potions
 b - a potion of attraction {unknown}
 g - a potion of ambrosia {unknown}
 h - a potion of brilliance {unknown}
 k - 4 potions of heal wounds {unknown}
 p - 2 potions of invisibility {unknown}
 r - a potion of degeneration {unknown}
 u - a potion of mutation {unknown}


   Skills:
 - Level 3.5 Fighting
 - Level 2.4 Dodging
 - Level 2.4 Stealth
 + Level 6.4 Spellcasting
 - Level 6.8 Necromancy


You had 14 spell levels left.
You knew the following spells:

 Your Spells              Type           Power      Damage    Failure   Level
a - Necrotise             Necr           100%       1d9       1%          1
b - Vampiric Draining     Necr           37%        2d8       2%          3

Your spell library contained the following spells:

 Spells                   Type           Power      Damage    Failure   Level
 Cigotuvi's Dreadful Rot  Necr/Pois/Air  34%        N/A       9%          2
 Animate Dead             Necr           37%        N/A       9%          4
 Agony                    Necr           37%        N/A       24%         5
 Ignite Poison            Fire/Tmut/Pois 7%         N/A       41%         3
 Freezing Cloud           Conj/Ice/Air   3%         6-21      99%         5


Dungeon Overview and Level Annotations

Branches:
Dungeon (5/15)
 Temple: D:4-7

Altars:

Annotations:
D:4 Menkaure
D:5 Dowan, Duvessa, Pikel, Sigmund


Message History

HP restored.
You throw a javelin.
Menkaure shouts!
The javelin pierces through Menkaure.
Menkaure is lightly damaged.
Menkaure shouts, "The sands of time shall wipe you from history!"
You throw a javelin.
The javelin pierces through Menkaure but does no damage.
Menkaure is lightly damaged.
Menkaure calls on the powers of darkness!
Your body is wracked with pain!
You throw a javelin. The javelin barely misses Menkaure.
Menkaure casts a spell at you. Pain shoots through your body!
You are too injured to fight recklessly!
You feel better.
As you read the scroll labelled SAMELI OROPED, it crumbles to dust.
You hear a loud clanging noise!
It was a scroll of noise.
As you read the scroll labelled ACHOPN JOREAMI, it crumbles to dust.
It is a scroll of enchant weapon.
Your +0 dire flail of protection glows red for a moment.
This is a scroll of acquirement!
Something appears at your feet!
Menkaure mumbles some strange words.
Menkaure seems to speed up.
As you read the scroll labelled ENUGGOMIGOT, it crumbles to dust.
You feel strangely unstable.
It was a scroll of teleportation.
j - the ring of the Lily {rC+ Dex+6 Slay+2} Menkaure closely misses you.
You feel agile.
j - the ring of the Lily (left hand) {rC+ Dex+6 Slay+2} Unknown command.
You hit Menkaure.
Your weapon exudes an aura of protection.
Menkaure is moderately damaged.
Menkaure hits you!
* * * LOW HITPOINT WARNING * * *
Menkaure hits you!!
You die...

##..###..<#
#...............#
##..## ##..##
#...............# ...##
#...# #...............#
..## ##..##
#................
...### ##..#
#...............#
.....## #..##
#...............#
......#
##.(###....#..........#
......#
#...##....##........##
.....##
##..#@....###.....###
...### #...M....#
#...### ..## ##.......#
##### .## ##......# ##
#.....## ##....#
####...# #...((.#
####### #......##
#.....###


You could see Menkaure (fast).

Vanquished Creatures
  Edmund (D:3)
  2 lemures
  2 scorpions (D:4)
  A howler monkey (D:4)
  A hound (D:5)
  An iguana (D:5)
  Ijyb (D:3)
  A sleepcap (D:4)
  2 orc wizards (D:3)
  2 gnolls
  An adder (D:4)
  A worm (D:3)
  9 orcs
  4 ball pythons
  10 endoplasms
  A giant cockroach (D:1)
  6 goblins
  2 hobgoblins
  4 jackals
  A quokka (D:4)
  7 bats
  4 kobolds
  10 rats
74 creatures vanquished.

Vanquished Creatures (collateral kills)
  A gnoll (D:5)
  An endoplasm (D:2)
  A ball python (D:1)
3 creatures vanquished.

Grand Total: 77 creatures vanquished

Notes
Turn   | Place    | Note
-------+----------+-------------------------------------------
     0 | D:1      | Nattfarinn the Deep Elf Necromancer began the quest for the
                  | Orb.
     0 | D:1      | Reached XP level 1. HP: 10/10 MP: 6/6
    71 | D:1      | Reached skill level 5 in Necromancy
   264 | D:1      | Reached XP level 2. HP: 15/15 MP: 6/8
  1027 | D:2      | You fall into a shaft and drop 1 floor!
  1060 | D:3      | Reached XP level 3. HP: 19/19 MP: 3/9
  1504 | D:3      | Noticed Ijyb
  1517 | D:3      | Killed Ijyb
  1518 | D:3      | Reached XP level 4. HP: 24/24 MP: 4/10
  1590 | D:3      | Learned a level 3 spell: Vampiric Draining
  1724 | D:3      | Reached skill level 1 in Fighting
  2086 | D:3      | Reached XP level 5. HP: 30/30 MP: 7/11
  3337 | D:4      | Reached XP level 6. HP: 25/37 MP: 5/12
  3356 | D:4      | Noticed Menkaure
  3487 | D:5      | Entered Level 5 of the Dungeon
  3493 | D:5      | Noticed Sigmund
  3494 | D:5      | Noticed Dowan
  3495 | D:5      | Noticed Duvessa
  4379 | D:5      | Noticed Edmund
  4817 | D:3      | HP: 1/37 [Edmund/+0 dire flail of protection (12)]
  4818 | D:3      | Killed Edmund
  4819 | D:3      | Reached skill level 5 in Spellcasting
  5058 | D:5      | Noticed Pikel
  5065 | D:4      | Reached XP level 7. HP: 2/41 MP: 4/18
  5341 | D:4      | Identified a scroll of acquirement
  5341 | D:4      | Acquired the ring of the Lily {rC+ Dex+6 Slay+2}
  5345 | D:4      | Mangled by Menkaure

Illustrated notes

Levels and vault maps discovered:
D:1:      dpeg_chamrin_arrival_tetris, layout_basic, minmay_misc_feat_hallway
D:2:      layout_basic, serial_park_tiny_pond
D:3:      layout_basic, uniq_ijyb
D:4:      layout_cave_pods, uniq_menkaure
D:5:      layout_rooms, nicolae_shop_i_like_big_books, uniq_sigmund, uniq_pikel,
          uniq_duvessa, uniq_edmund

Skill      XL: |  1  2  3  4  5  6 |
---------------+-------------------+-----
Necromancy     | 5 6 |  6.8
Fighting       | 2 3 |  3.5
Spellcasting   | 6 |  6.4
Dodging        | |  2.4
Stealth        | |  2.4

Action                     |  1- 3 |  4- 6 |  7- 9 || total
---------------------------+-------+-------+-------++-------
  Melee: Unarmed           |     4 |     2 |       ||     6
         Dire flail        |       |       |    19 ||    19
  Throw: Javelin           |       |     6 |     5 ||    11
   Cast: Necrotise         |    62 |    85 |       ||   147
         Vampiric Draining |       |    13 |       ||    13
  Evoke: Wand              |       |     6 |       ||     6
    Use: Potion            |     1 |     1 |     2 ||     4
         Scroll            |       |     3 |     6 ||     9
 Armour: Robe              |    11 |       |       ||    11
         Leather armour    |       |    42 |    17 ||    59
  Dodge: Dodged            |    20 |    24 |    15 ||    59

Table legend: (Time is in decaauts)
 A = Elapsed time spent in this place.
 B = Non-inter-level travel time spent in this place.
 C = Inter-level travel time spent in this place.
 D = Time resting spent in this place.
 E = Time spent auto-exploring this place.
 F = Levels seen in this place.
 G = Mean time per level.
                   A        B        C        D        E       F      G
               +--------+--------+--------+--------+--------+-----+--------+
         Total |   5363 |   4770 |    593 |    956 |   3105 |   5 | 1072.6 |
       Dungeon |   5363 |   4770 |    593 |    956 |   3105 |   5 | 1072.6 |
               +--------+--------+--------+--------+--------+-----+--------+

Top non-repeatable levels by time:
     D:3: 2103 daAuts
     D:4: 1487 daAuts
     D:1: 860 daAuts
     D:2: 603 daAuts
     D:5: 309 daAuts
